Map: Frozen Temple

Players

NEs

  • Race: Zerg Zerg
  • League: Master

FinnsoN - Winner!

  • Race: Terran Terran
  • League: Master

VOD

Have the link to the VOD?

Description

Time

  • Played on: July 10, 2016, 12:25 p.m.
  • Length: 11:48
Show
View Real Time Build Order
Export as new Build Order

NEs Zerg 

Build Orders: Hatch First 

Get SALT Encoding   

  12  0:00  Drone  
  13  0:08  Drone  
  14  0:18  Drone, Extractor  
  15  0:25  Overlord  
  15  0:33  Extractor  
  15  0:34  Extractor  
  15  0:35  Drone  
  16  0:45  Drone x2  
  18  0:58  Hatchery  
  18  1:02  Drone  
  18  1:06  Drone  
  19  1:19  Spawning Pool  
  19  1:22  Extractor  
  19  1:23  Drone  
  18  1:27  Drone  
  19  1:37  Drone  
  20  1:48  Overlord  
  20  2:06  Zergling x2, Queen  
  23  2:11  Zergling x2  
  23  2:13  Queen  
  26  2:20  Drone  
  27  2:23  Overlord  
  27  2:25  Drone  
  28  2:32  Drone x2  
  28  2:34  Metabolic Boost  
  30  2:42  Queen  
  30  2:43  Drone  
  33  2:46  Drone  
  34  2:53  Queen  
  36  3:02  Drone x2  
  38  3:06  Overlord  
  38  3:21  Lair  
  38  3:22  Drone x4  
  42  3:28  Drone x3  
  45  3:38  Drone x4  
  49  3:51  Drone  
  49  3:52  Drone x2  
  49  3:54  Extractor  
  49  3:55  Extractor  
  50  3:57  Roach Warren  
  49  4:03  Overlord x2  
  49  4:05  Drone x2  
  49  4:06  Drone  
  52  4:24  Drone  
  52  4:25  Drone x5  
  58  4:42  Overlord x3  
  58  4:43  Glial Reconstitution  
  58  4:47  Evolution Chamber  
  58  4:48  Evolution Chamber  
  58  4:49  Extractor  
  58  4:50  Roach x4  
  60  5:25  Drone x3  
  61  5:33  Roach x8  
  77  5:39  Zerg Missile Weapons Level 1, Zerg Ground Armor Level 1  
  77  5:41  Hatchery  
  76  5:50  Hatchery  
  76  5:52  Roach x3  
  76  5:55  Pneumatized Carapace  
  76  5:56  Overlord  
  81  5:58  Overlord  
  81  6:07  Ravager x2  
  81  6:08  Ravager x2  
  85  6:18  Roach x6  
  97  6:32  Roach x5  
  107  6:47  Overlord  
  107  6:48  Overlord x3  
  107  6:59  Drone  
  107  7:00  Drone x5, Infestation Pit  
  112  7:05  Ravager x3  
  112  7:06  Ravager  
  100  7:37  Zerg Ground Armor Level 2, Zerg Missile Weapons Level 2  
  100  7:42  Drone  
  100  7:43  Drone x8  
  109  7:45  Extractor x2  
  109  7:50  Baneling Nest  
  106  7:57  Roach  
  106  7:58  Roach x6  
  120  8:25  Hive  
  120  8:28  Infestor  
  120  8:31  Infestor  
  124  8:34  Zergling x2  
  124  8:35  Zergling x20  
  135  8:57  Overlord x2  
  135  8:58  Overlord x3  
  135  9:17  Baneling x3  
  135  9:18  Centrifical Hooks, Baneling x8  
  135  9:21  Infestor x2  
  139  9:25  Roach  
  139  9:26  Roach x5  
  151  9:37  Roach  
  151  9:38  Roach x7  
  167  9:55  Overlord x5  
  120  10:25  Roach  
  120  10:26  Roach x12  
  120  10:27  Roach  
  117  10:32  Roach x2  
  121  10:37  Zergling x8  
  125  11:02  Roach x10  
  125  11:03  Roach  
  147  11:06  Baneling  
  147  11:07  Baneling x6  
  147  11:08  Baneling  
  147  11:18  Ultralisk Cavern  
Show
View Real Time Build Order
Export as new Build Order

FinnsoN Terran - Winner!

Build Orders: MMM Bio 

Get SALT Encoding   

  12  0:00  SCV  
  13  0:12  SCV  
  14  0:17  Supply Depot  
  14  0:24  SCV  
  15  0:39  SCV  
  15  0:42  Barracks  
  16  0:45  Refinery  
  16  0:51  SCV  
  17  1:03  SCV  
  18  1:15  SCV  
  19  1:36  Orbital Command  
  19  1:37  Barracks Reactor  
  19  1:47  Command Center  
  19  1:50  Supply Depot  
  19  2:02  SCV  
  20  2:13  Reaper x2  
  20  2:14  SCV  
  23  2:26  SCV  
  24  2:35  Command Center  
  24  2:38  SCV  
  25  2:45  Reaper x2  
  25  2:50  SCV  
  26  2:58  Orbital Command  
  28  3:03  SCV  
  29  3:12  Barracks  
  29  3:13  Barracks  
  29  3:15  SCV  
  29  3:17  Marine x2  
  32  3:24  SCV  
  33  3:27  SCV, Refinery  
  33  3:32  Bunker  
  34  3:35  Marine x2  
  34  3:36  SCV  
  37  3:41  SCV  
  39  3:49  Orbital Command  
  39  3:51  SCV  
  39  3:53  Marine  
  40  3:56  Marine  
  40  3:58  SCV  
  40  4:00  Barracks Tech Lab x2  
  42  4:03  SCV  
  42  4:07  Supply Depot  
  43  4:10  Marine, SCV  
  43  4:11  Supply Depot  
  43  4:13  Marine  
  46  4:21  Marine, Combat Shields, Stimpack  
  46  4:23  Marine  
  48  4:26  SCV  
  48  4:28  Factory, SCV  
  48  4:29  SCV  
  51  4:39  Marine  
  51  4:40  SCV  
  51  4:41  Marine  
  51  4:42  Marine  
  51  4:44  SCV  
  51  4:45  Supply Depot  
  56  4:48  Marine  
  56  4:49  SCV  
  58  4:54  Refinery  
  58  4:55  Engineering Bay  
  58  4:56  Engineering Bay  
  58  4:57  Marine  
  58  4:59  Marine, Refinery  
  60  5:00  SCV  
  60  5:01  SCV  
  62  5:09  Marine  
  62  5:11  SCV, Marine  
  65  5:15  Marine, Starport  
  65  5:16  SCV  
  65  5:21  Marine  
  66  5:23  Factory Reactor  
  66  5:24  Terran Infantry Weapons Level 1  
  66  5:26  Terran Infantry Armor Level 1  
  66  5:27  SCV  
  65  5:29  Orbital Command  
  65  5:32  Marauder x2  
  65  5:33  SCV  
  70  5:44  Marine  
  70  5:45  Barracks  
  70  5:46  Barracks  
  71  5:51  Supply Depot  
  71  5:53  Supply Depot, Marauder  
  71  5:56  SCV  
  71  5:57  SCV x2  
  76  6:07  Medivac x2  
  76  6:08  SCV  
  76  6:09  SCV  
  82  6:12  Marine  
  82  6:13  Marine  
  82  6:14  Marauder  
  82  6:16  SCV  
  87  6:20  Factory Tech Lab, SCV  
  87  6:22  Marauder  
  87  6:23  SCV  
  87  6:24  Armory  
  90  6:28  SCV  
  90  6:30  Marine x2  
  90  6:32  SCV  
  94  6:36  Marauder  
  94  6:37  Medivac  
  99  6:44  Barracks Tech Lab  
  99  6:45  Barracks Reactor, Siege Tank  
  101  6:47  Supply Depot x2  
  101  6:55  Supply Depot  
  101  7:08  Marine x4, Medivac, SCV x3  
  101  7:10  Concussive Shells  
  101  7:15  Supply Depot  
  110  7:16  Supply Depot  
  110  7:17  Supply Depot  
  110  7:19  Terran Infantry Weapons Level 2  
  110  7:26  Marine x2  
  105  7:31  Marine x3  
  105  7:36  Siege Tank  
  105  7:37  SCV, Medivac  
  109  7:40  Orbital Command  
  109  7:41  SCV  
  109  7:42  Marine  
  109  7:43  Marauder  
  115  7:44  Marine x2  
  115  7:48  Terran Infantry Armor Level 2  
  115  7:50  SCV  
  118  7:53  SCV  
  118  7:54  Marine  
  120  8:00  Marauder  
  120  8:02  SCV, Marauder, Refinery  
  120  8:03  Refinery  
  125  8:09  SCV x2, Barracks  
  125  8:10  Barracks  
  125  8:11  Factory  
  125  8:12  Marine  
  128  8:14  Marine  
  129  8:20  Medivac  
  129  8:21  Medivac  
  129  8:22  SCV  
  134  8:27  SCV  
  134  8:31  Supply Depot, Marine x2  
  134  8:33  SCV, Marine  
  139  8:34  SCV  
  139  8:35  Supply Depot  
  139  8:37  Marine  
  139  8:38  Marauder x2  
  145  8:43  Siege Tank  
  148  8:54  Marine  
  148  8:55  Marauder  
  150  8:56  Marine  
  150  8:59  Marauder  
  150  9:00  Command Center  
  150  9:01  Factory Tech Lab  
  153  9:03  Barracks Reactor, Barracks Tech Lab  
  153  9:04  SCV  
  153  9:08  Marauder, Marine, Terran Vehicle Weapons Level 1, Medivac x2  
  161  9:13  Missile Turret  
  161  9:16  Missile Turret  
  161  9:18  Missile Turret  
  161  9:27  Siege Tank  
  161  9:28  Marine  
  165  9:34  Supply Depot, SCV x2, Marauder x3  
  173  9:43  Marine  
  173  9:55  Marine x2, Medivac, Siege Tank  
  173  9:56  Barracks  
  173  9:58  Barracks  
  180  10:11  Siege Tank  
  178  10:15  Marauder x3  
  178  10:17  Marine x3  
  178  10:18  Marine x2  
  178  10:19  Marauder  
  155  10:23  Marine  
  147  10:30  Siege Tank  
  147  10:35  Marine x4  
  150  10:36  Marauder x3  
  150  10:40  Marine, Marauder  
  162  10:46  Starport  
  162  10:47  Refinery, Starport  
  162  10:50  Marine  
  162  10:58  Marauder x2  
  162  11:02  Siege Tank  
  169  11:04  Marine  
  169  11:05  Marauder  
  169  11:09  Siege Tank  
  175  11:18  SCV  
  175  11:19  SCV  
  175  11:22  Barracks Tech Lab x2  
  177  11:26  Supply Depot  
  177  11:27  Supply Depot  
Tags
 
Add a new tag
Caveats
  • Supply blocks, unpowered buildings, or Contaminate may cause inaccurate times.
  • Supply counts are checked every 10 seconds.